 Dungeon Crawl Stone Soup version 0.30-a0-373-gd37427bb62 (webtiles) character file.

Game seed: 116905150924516898

60 kiwi3s the Chopper (level 3, -3/31 HPs)
             Began as a Minotaur Berserker on Nov 23, 2022.
             Was a Believer of Trog.
             Slain by an adder (4 damage)
             ... on level 2 of the Dungeon.
             The game lasted 00:00:57 (1277 turns).

kiwi3s the Chopper (Minotaur Berserker)             Turns: 1277, Time: 00:00:58

Health: -3/31      AC:  2    Str: 23    XL:     3   Next: 80%
Magic:  2/2        EV: 12    Int:  4    God:    Trog [**....]
Gold:   129        SH:  0    Dex:  9    Spells: 2/2 levels left

rFire   . . .      SeeInvis .    a - +0 hand axe
rCold   . . .      Faith    .    (no shield)
rNeg    . . .      Spirit   .    b - +0 animal skin
rPois   .          Reflect  .    (helmet restricted)
rElec   .          Harm     .    (no cloak)
rCorr   .          Rampage  .    (no gloves)
Will    .....                    (no boots)
Stlth   +.........               (no amulet)
HPRegen 0.25/turn                (no ring)
MPRegen 0.08/turn                (no ring)

@: on berserk cooldown, slowed, very slow
A: horns 2, retaliatory headbutt
a: Renounce Religion, Berserk, Trog's Hand


You were on level 2 of the Dungeon.
You worshipped Trog.
Trog was pleased with you.
You visited 1 branch of the dungeon, and saw 2 of its levels.

You collected 129 gold pieces.

Inventory:

Hand Weapons
 a - a +0 hand axe (weapon)
Armour
 b - a +0 animal skin (worn)
Scrolls
 e - a scroll of torment {unknown}
 g - a scroll of identify {unknown}
Potions
 c - 3 potions of lignification {unknown}
 d - a potion of curing {unknown}
 f - a potion of heal wounds {unknown}


   Skills:
 - Level 3.6 Fighting
 + Level 5.8 Axes
 - Level 2.4 Armour
 - Level 2.1 Dodging


You had 2 spell levels left.
You didn't know any spells.
Your spell library was empty.

Dungeon Overview and Level Annotations

Branches:
Dungeon (2/15)

Altars:


Innate Abilities, Weirdness & Mutations

You have a pair of horns on your head.
You reflexively headbutt those who attack you in melee.


Message History

The hobgoblin hits you. The goblin hits you with a +0 dagger.
* * * LOW HITPOINT WARNING * * *
Items here: ) [[ †.
You closely miss the goblin. Your headbutt misses the goblin.
You hit the hobgoblin.
You kill the hobgoblin!
Trog accepts your kill.
You hit the goblin.
You kill the goblin!
Trog accepts your kill. The goblin hits you with a +0 club.
* * * LOW HITPOINT WARNING * * *
You are too injured to fight recklessly!
You barely miss the goblin.
You are no longer berserk.
You are exhausted.
You feel yourself slow down.
You closely miss the goblin. You headbutt the goblin.
You kill the goblin!
Trog accepts your kill. The adder closely misses you.
You closely miss the adder. The adder bites you.
* * * LOW HITPOINT WARNING * * *
The adder closely misses you.
You are too injured to fight recklessly!
Unknown command.
You closely miss the adder. The adder bites you but does no damage.
The adder closely misses you.
You are too injured to fight recklessly!
Unknown command.
You closely miss the adder. Your headbutt misses the adder.
The adder bites you.
* * * LOW HITPOINT WARNING * * *
The adder barely misses you.
You slash the adder!
The adder is almost dead.
The adder bites you.
* * * LOW HITPOINT WARNING * * *
The adder bites you.
You die...

#####......#
#.......##..#
#......#
#.......###.#
#...)..# #.......#
#.# #......#
#.......# #>#
######## #.#######
### ##'###
###....#
..#####...†..####
......S@)).......
......))).........
.................(
..#####...........
. #...........
#...........
######..... .....


You could see an adder.

Vanquished Creatures
  Robin (D:2)
  2 worms (D:2)
  A dart slug (D:1)
  A ball python (D:2)
  3 bats (D:1)
  An endoplasm (D:2)
  A giant cockroach (D:2)
  8 goblins
  11 hobgoblins
  A kobold (D:1)
  A quokka (D:1)
  3 frilled lizards
  3 rats (D:1)
37 creatures vanquished.

Notes
Turn   | Place    | Note
-------+----------+-------------------------------------------
     0 | D:1      | kiwi3s the Minotaur Berserker began the quest for the Orb.
     0 | D:1      | Reached XP level 1. HP: 19/19 MP: 0/0
   304 | D:1      | Found a faded altar of an unknown god.
   310 | D:1      | Reached skill level 4 in Axes
   394 | D:1      | Reached XP level 2. HP: 26/26 MP: 1/1
  1049 | D:2      | Reached skill level 5 in Axes
  1064 | D:2      | Reached ** piety under Trog
  1140 | D:2      | Reached XP level 3. HP: 20/31 MP: 2/2
  1254 | D:2      | Noticed Robin
  1268 | D:2      | Killed Robin
  1277 | D:2      | HP: 1/31 [adder (3)]
  1277 | D:2      | Slain by an adder

Illustrated notes

Levels and vault maps discovered:
D:1:      wheals_arrival_shading, layout_loops_corners,
          nicolae_ecumenical_lake_church
D:2:      layout_basic, uniq_robin

Skill      XL: |  1  2 |
---------------+-------+-----
Axes           | 4 5 |  5.8
Fighting       | |  3.6
Armour         | |  2.4
Dodging        | |  2.1

Action                   || total
-------------------------++-------
Melee: Hand axe          ||    83
       Headbutt          ||    11
       Punch             ||     2
Invok: Berserk           ||     1
Armor: Animal skin       ||    12
Dodge: Dodged            ||    45

Table legend: (Time is in decaauts)
 A = Elapsed time spent in this place.
 B = Non-inter-level travel time spent in this place.
 C = Inter-level travel time spent in this place.
 D = Time resting spent in this place.
 E = Time spent auto-exploring this place.
 F = Levels seen in this place.
 G = Mean time per level.
                   A        B        C        D        E       F      G
               +--------+--------+--------+--------+--------+-----+--------+
         Total |   1281 |   1262 |     19 |      0 |   1084 |   2 |  640.5 |
       Dungeon |   1281 |   1262 |     19 |      0 |   1084 |   2 |  640.5 |
               +--------+--------+--------+--------+--------+-----+--------+

Top non-repeatable levels by time:
     D:1: 974 daAuts
     D:2: 307 daAuts
